[Event "*** Titled Tuesday Blitz"]
[Site "Chess.com"]
[Date "2021.03.09"]
[Round "9"]
[White "kingofthenil"]
[Black "francyIM"]
[Result "1/2-1/2"]
[WhiteElo "2779"]
[BlackElo "2614"]
[TimeControl "180+1"]
[EndTime "11:51:51 PST"]
[Termination "Game drawn by 50-move rule"]

1. e4 c5 2. d3 g6 3. g3 Bg7 4. Bg2 Nc6 5. f4 d6 6. Nf3 Nf6 7. O-O Nd7 8. Nc3 Rb8 9. Be3 Nd4 10. Qd2 b5 11. Nd1 O-O 12. c3 Nxf3+ 13. Rxf3 b4 14. d4 bxc3 15. bxc3 Qa5 16. Rf2 Ba6 17. e5 Nb6 18.
Nb2 Rbc8 19. a4 Rfd8 20. e6 f5 21. g4 cxd4 22. Bxd4 Bxd4 23. Qxd4 Qxc3 24. Qxc3 Rxc3 25. gxf5 gxf5 26. Nd1 Rc5 27. Ne3 Kg7 28. a5 Nc4 29. Nd5 Re8 30. Rf3 Bc8 31. Rg3+ Kh8 32. Re1 Nxa5 33.
Rg5 Nc6 34. Rxf5 Nd4 35. Rf7 Bxe6 36. Rxe7 Rg8 37. Nf6 Rxg2+ 38. Kxg2 Rc2+ 39. Kh1 Bf5 40. Rxa7 Ne2 41. Rxe2 Rxe2 42. Kg1 Re6 43. Nh5 Kg8 44. Kf2 Kf8 45. Ng7 Rf6 46. Nh5 Rh6 47. Ng3 Be6 48. f5 Bd5 49. Kg1 Rh4 50. Rd7 Rf4 51. Rxd6 Bf3 52. Rf6+ Kg7 53. Ra6 Bg4 54. Ra7+ Kh6 55. Ra5 Kg5 56. Ra6 h5 57. Ra5 h4 58.
f6+ Kg6 59. f7 hxg3 60. hxg3 Rxf7 61. Ra6+ Kg5 62. Ra4 Rd7 63. Ra2 Bf3 64. Ra4 Rd3 65. Rf4 Bg4 66. Kf2 Bf5 67. Rb4 Be6 68. Rf4 Bd5 69. Rb4 Rf3+ 70. Ke2 Rf5 71. Ke3 Bc6 72. Rd4 Rf3+ 73. Kd2 Rxg3 74. Ke2 Bf3+ 75. Kf2 Rh3 76. Rd2 Kf4 77. Rd4+ Be4 78. Rd2 Rh2+ 79. Ke1 Rh1+ 80. Kf2 Rh5 81. Re2 Rh2+ 82. Ke1 Rh1+ 83. Kf2 Ra1 84.
Rd2 Rb1 85. Re2 Rb6 86. Rd2 Rg6 87. Re2 Rg2+ 88. Ke1 Rg3 89. Kf2 Rf3+ 90. Ke1 Ke5 91. Rf2 Re3+ 92. Re2 Rb3 93. Rd2 Kf4 94. Kf2 Ra3 95.
Re2 Bd3 96. Rd2 Ke4 97. Ke1 Ke3 98. Re2+ Kd4 99. Rd2 Ra1+ 100. Kf2 Rf1+ 101. Kg2 Rf6 102. Kg3 Ke3 103. Rg2 Be4 104. Rg1 Rg6+ 105. Kh2 Rh6+ 106. Kg3 Bf3 107. Re1+ Be2 108. Rg1 Rh7 109. Rg2 Bc4 110. Rg1 Bd3 111. Re1+ Be2 112. Rg1 Bd3 113. Re1+ Kd2 114. Rg1 Ke2 115. Rg2+ Ke3 116. Rg1 Rg7+ 117. Kh2 Rf7 118. Kg3 Rf3+ 119. Kg2 Be4 120. Re1+ Kd4 121. Rf1 Rf5+ 122. Kg1 Rg5+ 123. Kh2 Ke3 1/2-1/2

[Event "*** Titled Tuesday Blitz"]
[Site "Chess.com"]
[Date "2021.03.09"]
[Round "10"]
[White "LionChessClub"]
[Black "iturrizaga"]
[Result "0-1"]
[WhiteElo "2606"]
[BlackElo "2819"]
[TimeControl "180+1"]
[EndTime "11:53:37 PST"]
[Termination "iturrizaga won by resignation"]

1. e4 c5 2. Nc3 Nc6 3. Bb5 Nd4 4.
Bc4 e6 5. Nge2 a6 6. O-O b5 7. Bd3 Nc6 8. Ng3 Bb7 9. Re1 h5 10. h3 h4 11. Nf1 Bd6 12. Nd5 exd5 13. exd5+ Nce7 14. Ne3 Kf8 15. Qf3 Nf6 0-1

[Event "*** Titled Tuesday Blitz"]
[Site "Chess.com"]
[Date "2021.03.09"]
[Round "10"]
[White "MustafayevFarid2004"]
[Black "Brave_spirit12"]
[Result "1-0"]
[WhiteElo "2463"]
[BlackElo "2567"]
[TimeControl "180+1"]
[EndTime "11:53:38 PST"]
[Termination "MustafayevFarid2004 won by resignation"]

1. d4 Nf6 2. c4 e6 3. Nc3 d5 4.
cxd5 exd5 5. Bg5 Be7 6. e3 O-O 7. Bd3 c6 8. Qc2 h6 9. Bh4 Na6 10. a3 Nc7 11. Nf3 Re8 12. Ne5 Be6 13. f4 Nd7 14.
Bxe7 Qxe7 15. O-O f6 16. Bh7+ Kh8 17. Ng6+ Kxh7 18. Nxe7+ Kh8 19. Ng6+ Kg8 20. Rae1 1-0

[Event "*** Titled Tuesday Blitz"]
[Site "Chess.com"]
[Date "2021.03.09"]
[Round "10"]
[White "DonBroca"]
[Black "MrrRefrao"]
[Result "0-1"]
[WhiteElo "2149"]
[BlackElo "2362"]
[TimeControl "180+1"]
[EndTime "11:54:41 PST"]
[Termination "MrrRefrao won by resignation"]

1. e4 c6 2. d4 d5 3. Nc3 dxe4 4.
Nxe4 Bf5 5. Ng3 Bg6 6. h4 h6 7. h5 Bh7 8. Nf3 Nd7 9. Bd3 Bxd3 10. Qxd3 e6 11. Bf4 Qa5+ 12. Bd2 Bb4 13. c3 Be7 14. c4 Qc7 15. Bc3 Ngf6 16. O-O-O O-O 17. Ne4 Qf4+ 18. Ned2 Ng4 19. Qe2 b5 20. Kb1 b4 21.
g3 Qf5+ 0-1

[Event "*** Titled Tuesday Blitz"]
[Site "Chess.com"]
[Date "2021.03.09"]
[Round "10"]
[White "Vugar_Manafov"]
[Black "federicosellitti"]
[Result "0-1"]
[WhiteElo "2656"]
[BlackElo "2546"]
[TimeControl "180+1"]
[EndTime "11:54:42 PST"]
[Termination "federicosellitti won by resignation"]

1. d4 d5 2. c4 Nc6 3. cxd5 Qxd5 4. Nf3 e5 5. Nc3 Bb4 6. a3 Bxc3+ 7. bxc3 e4 8. Nd2 Nf6 9. e3 O-O 10. c4 Qd6 11. a4 Nb4 12. Ba3 a5 13. Qb3 c5 14.
Bb2 cxd4 15. Bxd4 b6 16. Be2 Re8 17. O-O Bg4 18. Rfe1 Bxe2 19. Rxe2 Ng4 20. Nf1 Rac8 21. Rd1 Qg6 22. h3 Ne5 23. Bxe5 Rxe5 24. Red2 Nd3 25. Qxb6 Qxb6 0-1

[Event "*** Titled Tuesday Blitz"]
[Site "Chess.com"]
[Date "2021.03.09"]
[Round "10"]
[White "Leo_C"]
[Black "kidagent"]
[Result "1-0"]
[WhiteElo "2440"]
[BlackElo "2320"]
[TimeControl "180+1"]
[EndTime "11:54:59 PST"]
[Termination "Leo_C won by resignation"]

1. d4 d5 2. c4 c6 3. Nc3 dxc4 4. e4 b5 5. a4 b4 6. Nce2 e5 7. Nf3 Nf6 8. Ng3 exd4 9. Bxc4 Bg4 10. Bxf7+ Kxf7 11. Ne5+ Ke8 12. Nxg4 Bc5 13. Nxf6+ Qxf6 14. Qh5+ 1-0

[Event "*** Titled Tuesday Blitz"]
[Site "Chess.com"]
[Date "2021.03.09"]
[Round "10"]
[White "KarateBaby"]
[Black "niki_2003"]
[Result "1-0"]
[WhiteElo "2210"]
[BlackElo "2037"]
[TimeControl "180+1"]
[EndTime "11:55:02 PST"]
[Termination "KarateBaby won by checkmate"]

1. b3 Nf6 2. Bb2 d5 3. e3 Nc6 4. Nf3 e6 5. Bb5 Bd6 6. Ne5 Bd7 7. Bxc6 Bxc6 8. O-O Bxe5 9. Bxe5 O-O 10. f4 d4 11. Bxd4 Qd5 12. Rf3 Ne4 13. d3 Nc5 14. Rg3 g6 15. c4 Qd6 16. Qh5 f5 17. Rxg6+ Kf7 18. Rg7# 1-0

[Event "*** Titled Tuesday Blitz"]
[Site "Chess.com"]
[Date "2021.03.09"]
[Round "10"]
[White "mbojan"]
[Black "redblizzard"]
[Result "1-0"]
[WhiteElo "2619"]
[BlackElo "2475"]
[TimeControl "180+1"]
[EndTime "11:55:03 PST"]
[Termination "mbojan won by resignation"]

1. Nf3 Nf6 2. Ng1 g6 3. Nf3 Bg7 4. Ng1 O-O 5. Nf3 d5 6. Ng1 e5 7.
g3 e4 8. Bg2 c5 9. d3 exd3 10. cxd3 Nc6 11. Nf3 Re8 12. O-O d4 13. Bg5 h6 14. Bxf6 Qxf6 15. Nbd2 b6 16. a3 Bb7 17.
Rc1 a5 18. Nc4 Qd8 19. Qb3 Ra6 20. Rfe1 a4 21. Qd1 b5 22. Ncd2 Bf8 23. Ne4 Qd5 24.
Nf6+ 1-0

[Event "*** Titled Tuesday Blitz"]
[Site "Chess.com"]
[Date "2021.03.09"]
[Round "10"]
[White "mr65"]
[Black "Sychev_Klementy"]
[Result "0-1"]
[WhiteElo "2122"]
[BlackElo "2836"]
[TimeControl "180+1"]
[EndTime "11:55:10 PST"]
[Termination "Sychev_Klementy won by resignation"]

1. e4 Nf6 2. e5 Nd5 3. d4 d6 4. Nf3 dxe5 5. Nxe5 g6 6. Bc4 c6 7. O-O Bg7 8. Nc3 O-O 9. Re1 Be6 10. Nxd5 Bxd5 11.
Bxd5 Qxd5 12. c4 Qd8 13. Nf3 Na6 14. Bg5 Re8 15. Qe2 Qd7 16. Rad1 Nc7 17. Ne5 Qf5 18.
Bh4 Rad8 19. Qe4 Qxe4 20. Rxe4 g5 21. Bg3 f5 22. Ree1 f4 0-1

[Event "*** Titled Tuesday Blitz"]
[Site "Chess.com"]
[Date "2021.03.09"]
[Round "10"]
[White "TheCavemanChesss"]
[Black "ckgchess"]
[Result "0-1"]
[WhiteElo "2577"]
[BlackElo "2756"]
[TimeControl "180+1"]
[EndTime "11:55:15 PST"]
[Termination "ckgchess won by resignation"]

1. e4 c6 2. d4 d5 3. e5 Bf5 4. Nc3 e6 5. g4 Bg6 6. Nge2 c5 7. h4 h5 8. Nf4 Bh7 9. g5 cxd4 10. Nb5 Nc6 11. Qxh5 Qb8 12. g6 fxg6 13. Nxg6 Bxg6 14. Qxg6+ Kd7 15. f4 Nge7 16. Qf7 Nd8 0-1

[Event "*** Titled Tuesday Blitz"]
[Site "Chess.com"]
[Date "2021.03.09"]
[Round "10"]
[White "thechesscorner64"]
[Black "cukin84"]
[Result "1-0"]
[WhiteElo "2348"]
[BlackElo "2110"]
[TimeControl "180+1"]
[EndTime "11:55:17 PST"]
[Termination "thechesscorner64 won by resignation"]

1. e4 c6 2. d4 d5 3. exd5 cxd5 4. c4 Nf6 5. Nc3 Nc6 6. Nf3 Bg4 7. cxd5 Nxd5 8. Qb3 Bxf3 9. gxf3 e6 10. Qxb7 Nxd4 11.
Bb5+ Nxb5 12. Qc6+ Ke7 13. Qxb5 Nxc3 14. bxc3 Rb8 15.
Qc5+ Ke8 16. Qxa7 Bd6 17. Be3 Qf6 18. Qa4+ Kf8 19. Qd4 Qxf3 20. Qxd6+ Ke8 21. Qxb8+ Ke7 22. Qc7+ Ke8 23. Rg1 g6 24. Rd1 1-0

[Event "*** Titled Tuesday Blitz"]
[Site "Chess.com"]
[Date "2021.03.09"]
[Round "10"]
[White "AlexeiShirov"]
[Black "GigaQuparadze"]
[Result "1-0"]
[WhiteElo "2870"]
[BlackElo "2946"]
[TimeControl "180+1"]
[EndTime "11:55:31 PST"]
[Termination "AlexeiShirov won by resignation"]

1. e4 c5 2. Nf3 e6 3. c3 d5 4.
e5 d4 5. Bd3 Bd7 6. O-O Bc6 7.
Re1 Ne7 8. Be4 Ng6 9. cxd4 cxd4 10. d3 Bxe4 11. Rxe4 Nc6 12. Nbd2 Qd5 13. Qe2 Bc5 14. Nb3 Bb6 15. h4 h5 16. Bg5 a5 17. Nbd2 Bc7 18.
Nc4 b5 19. Nd6+ Bxd6 20. exd6 Qxd6 21. Bd2 O-O-O 22. Ng5 Rd7 23. Rc1 Re8 24. Qxh5 Rh8 25. Qf3 Nxh4 26. Rxh4 1-0

[Event "*** Titled Tuesday Blitz"]
[Site "Chess.com"]
[Date "2021.03.09"]
[Round "10"]
[White "kirillshevchenko"]
[Black "francyIM"]
[Result "1-0"]
[WhiteElo "2828"]
[BlackElo "2610"]
[TimeControl "180+1"]
[EndTime "11:55:42 PST"]
[Termination "kirillshevchenko won by resignation"]

1. e4 e6 2. c4 d5 3. cxd5 exd5 4. Qb3 dxe4 5. Bc4 Qe7 6. Nc3 c6 7. d4 exd3+ 8. Be3 Bg4 9. Nf3 Bxf3 10. gxf3 Na6 11. O-O-O O-O-O 12. Bxd3 Nc5 13. Bf5+ Ne6 14. Rxd8+ Kxd8 15. Rd1+ Kc8 16. Ne4 Qe8 17. Bxa7 Nf6 18. Nxf6 gxf6 19. Bb6 Bh6+ 20. Kb1 Qe7 21. Qa4 Bf4 22.
Qxf4 1-0

[Event "*** Titled Tuesday Blitz"]
[Site "Chess.com"]
[Date "2021.03.09"]
[Round "10"]
[White "InitiatingASC"]
[Black "Caracternin123"]
[Result "1-0"]
[WhiteElo "2435"]
[BlackElo "2564"]
[TimeControl "180+1"]
[EndTime "11:56:03 PST"]
[Termination "InitiatingASC won by resignation"]

1. d4 Nf6 2. Bf4 c5 3. e3 Qb6 4.
Nc3 Qxb2 5. Nb5 Nd5 6. Rb1 Qxa2 7.
Nf3 Qa5+ 8. Nd2 Na6 9. Bg3 Nc3 10. Nxc3 Qxc3 11. Bxa6 bxa6 12. Qf3 cxd4 13. Qxa8 dxe3 14. fxe3 e6 15. O-O Be7 16. Ne4 Qc6 17. Rb8 O-O 18. Qxc6 dxc6 19. Bd6 Bxd6 20. Nxd6 Bd7 21. Rxf8+ Kxf8 22.
Rxf7+ 1-0

[Event "*** Titled Tuesday Blitz"]
[Site "Chess.com"]
[Date "2021.03.09"]
[Round "10"]
[White "Alexsur1981"]
[Black "SirStrateg"]
[Result "1-0"]
[WhiteElo "2830"]
[BlackElo "2610"]
[TimeControl "180+1"]
[EndTime "11:56:08 PST"]
[Termination "Alexsur1981 won by checkmate"]

1. e4 Nf6 2. Nc3 d6 3. d4 c6 4. f4 Qa5 5. Bd3 e5 6. Nf3 exd4 7. Nxd4 g6 8. Nb3 Qc7 9. O-O Bg7 10. Kh1 O-O 11. a4 b6 12. Qe1 Nbd7 13. Qh4 a6 14. f5 Bb7 15. Bh6 b5 16. axb5 axb5 17. Rxa8 Bxa8 18. Nd2 b4 19. Ne2 c5 20. b3 d5 21.
exd5 Bxd5 22. Nf4 Ne5 23. Bxg7 Kxg7 24. Nxd5 Nxd5 25. f6+ Kh8 26. Qh6 Rg8 27. Ne4 Ng4 28. Qh4 Nde3 29. Rf3 g5 30. Qh5 Rg6 31. Nxg5 Rxg5 32.
Qxh7# 1-0

[Event "*** Titled Tuesday Blitz"]
[Site "Chess.com"]
[Date "2021.03.09"]
[Round "10"]
[White "Mikasinski"]
[Black "tlomigtlis"]
[Result "1-0"]
[WhiteElo "2483"]
[BlackElo "2580"]
[TimeControl "180+1"]
[EndTime "11:56:09 PST"]
[Termination "Mikasinski won by resignation"]

1. e4 c5 2. Nf3 d6 3. d4 cxd4 4. Nxd4 Nf6 5. Nc3 a6 6. Be2 e5 7.
Nf3 Be7 8. Bg5 O-O 9. Bxf6 Bxf6 10. Bc4 Be6 11. Bb3 Nc6 12. O-O Rc8 13. Qd3 b5 14. Rad1 Be7 15. Nd5 Bxd5 16. Qxd5 Nb4 17. Qb7 Rb8 18. Qa7 Rb6 19. Nxe5 Re8 20. Nxf7 Qb8 21. Qd7 Kf8 22. Qf5 Bf6 23. Ng5 Re5 24. Qd7 1-0

[Event "*** Titled Tuesday Blitz"]
[Site "Chess.com"]
[Date "2021.03.09"]
[Round "10"]
[White "schondeln"]
[Black "Ekose"]
[Result "0-1"]
[WhiteElo "2401"]
[BlackElo "2523"]
[TimeControl "180+1"]
[EndTime "11:56:20 PST"]
[Termination "Ekose won by resignation"]

1. e4 e6 2. b3 d5 3. Bb2 dxe4 4. Nc3 Nf6 5. Qe2 Be7 6. Nxe4 O-O 7. Nf3 Nc6 8. O-O-O a5 9. a4 Nb4 10. Nxf6+ Bxf6 11. d4 c6 12. Qe4 b5 13. axb5 a4 14.
bxa4 Rxa4 15. Bd3 Nxd3+ 16. Rxd3 cxb5 17. Rhd1 Qb6 18. Ne5 Bb7 19. Qf4 Bxe5 20. Qxe5 Bd5 21. Kd2 Ra2 22. Rb1 Qa5+ 23. Kd1 Rxb2 24. Rxb2 Qa1+ 0-1

[Event "*** Titled Tuesday Blitz"]
[Site "Chess.com"]
[Date "2021.03.09"]
[Round "10"]
[White "SanchezKelvin"]
[Black "jens1102"]
[Result "1-0"]
[WhiteElo "2586"]
[BlackElo "2428"]
[TimeControl "180+1"]
[EndTime "11:56:25 PST"]
[Termination "SanchezKelvin won by resignation"]

1. d4 d5 2. c4 c5 3. cxd5 cxd4 4. Nf3 Nf6 5. Qxd4 Qxd5 6. Qxd5 Nxd5 7. e4 Nb4 8. Bb5+ N8c6 9. Na3 Bg4 10. Ne5 Be6 11.
Bd2 O-O-O 12. Bxc6 Nxc6 13. Rc1 Bxa2 14. Nb5 a6 15. Na7+ Kc7 16. Naxc6 bxc6 17. Ba5+ Kc8 18. Rxc6+ Kb7 19. Bxd8 f6 20. Rc7+ Kb8 21. Nc6+ 1-0

[Event "*** Titled Tuesday Blitz"]
[Site "Chess.com"]
[Date "2021.03.09"]
[Round "10"]
[White "stoleriu"]
[Black "eljanov"]
[Result "0-1"]
[WhiteElo "2613"]
[BlackElo "2840"]
[TimeControl "180+1"]
[EndTime "11:56:28 PST"]
[Termination "eljanov won by resignation"]

1. e3 c5 2. b3 d5 3. Bb2 a6 4.
f4 Nc6 5. Nf3 d4 6. Be2 g6 7.
O-O Bg7 8. a4 Nh6 9. Na3 O-O 10.
Qc1 e5 11. fxe5 Ng4 12. Nc4 Ngxe5 13. Nfxe5 Nxe5 14. exd4 cxd4 15. Ba3 Re8 16. d3 Nxc4 17. bxc4 Rxe2 18. Qf4 Be6 0-1

[Event "*** Titled Tuesday Blitz"]
[Site "Chess.com"]
[Date "2021.03.09"]
[Round "10"]
[White "Zhigalko_Sergei"]
[Black "hansen"]
[Result "1/2-1/2"]
[WhiteElo "2946"]
[BlackElo "2879"]
[TimeControl "180+1"]
[EndTime "11:56:31 PST"]
[Termination "Game drawn by repetition"]

1. e4 e5 2. Nf3 Nc6 3. Bc4 Bc5 4. b4 Bxb4 5. c3 Be7 6. d4 d6 7. Qb3 Na5 8. Bxf7+ Kf8 9. Qa4 Kxf7 10. Qxa5 exd4 11. cxd4 c6 12. Qc3 Nf6 13. Qb3+ d5 14.
Ne5+ Kg8 15. Nc3 Qb6 16. Qd1 Bb4 17. Bd2 Qxd4 18. Nf3 Qd3 19. Ne5 Qd4 20. Nf3 Qd3 21. Ne5 Qd4 1/2-1/2

[Event "*** Titled Tuesday Blitz"]
[Site "Chess.com"]
[Date "2021.03.09"]
[Round "10"]
[White "dozer80"]
[Black "ShimanovAlex"]
[Result "1-0"]
[WhiteElo "2637"]
[BlackElo "2792"]
[TimeControl "180+1"]
[EndTime "11:56:35 PST"]
[Termination "dozer80 won by resignation"]

1. e4 e5 2. Nc3 Nf6 3. g3 d5 4. exd5 Nxd5 5. Bg2 Ne7 6. Nf3 Nbc6 7. O-O g6 8. d4 exd4 9. Nb5 Bg7 10. Bf4 Nd5 11. Re1+ Be6 12. Bg5 Qd7 13. Nfxd4 Nxd4 14. Nxd4 O-O 15. Nxe6 fxe6 16. c4 Nb6 17. Qxd7 Nxd7 18.
Rxe6 Nc5 19. Re7 c6 20. Be3 b6 21. Bxc6 Rac8 22. Bd5+ Kh8 23. Rb1 a5 24. b4 Na4 25.
bxa5 bxa5 26. Rbb7 1-0

[Event "*** Titled Tuesday Blitz"]
[Site "Chess.com"]
[Date "2021.03.09"]
[Round "10"]
[White "jannat65"]
[Black "Ze-Pequeno"]
[Result "1-0"]
[WhiteElo "1993"]
[BlackElo "2248"]
[TimeControl "180+1"]
[EndTime "11:56:47 PST"]
[Termination "jannat65 won by resignation"]

1. e4 c6 2. d4 d5 3. e5 Bf5 4.
Nf3 e6 5. Be2 Ne7 6. O-O Nd7 7.
c4 dxc4 8. Bxc4 Nd5 9. Bd3 Bxd3 10. Qxd3 Be7 11. Nc3 O-O 12. Nxd5 cxd5 13. Bd2 Qb6 14.
Bc3 Rac8 15. Rac1 Nb8 16. Rc2 Nc6 17. Rfc1 a6 18. Nd2 Bg5 19. g3 Na7 20. f4 Be7 21. Nb3 Qb5 22. Qxb5 Nxb5 23. Ba5 Na7 24. Rc7 1-0

[Event "*** Titled Tuesday Blitz"]
[Site "Chess.com"]
[Date "2021.03.09"]
[Round "10"]
[White "david_alex"]
[Black "kamilianin235"]
[Result "0-1"]
[WhiteElo "2091"]
[BlackElo "2271"]
[TimeControl "180+1"]
[EndTime "11:56:49 PST"]
[Termination "kamilianin235 won by resignation"]

1. e4 c5 2. Nf3 e6 3. d4 cxd4 4.
Nxd4 a6 5. c4 Nf6 6. Nc3 Bb4 7.
Qd3 d6 8. Nc2 Ba5 9. Be3 O-O 10.
f3 Bc7 11. Be2 Nbd7 12. O-O b6 13. b4 Bb7 14. a4 Rc8 15. Qd2 Qe7 16. Nd4 Rfd8 17. a5 bxa5 18. bxa5 Nc5 19. Na4 Nxa4 20. Rxa4 d5 21. exd5 exd5 22. c5 Re8 23. Nf5 Qe5 24.
f4 Qxf5 0-1

[Event "*** Titled Tuesday Blitz"]
[Site "Chess.com"]
[Date "2021.03.09"]
[Round "10"]
[White "NefeLV"]
[Black "HanSchut"]
[Result "0-1"]
[WhiteElo "1855"]
[BlackElo "2214"]
[TimeControl "180+1"]
[EndTime "11:56:53 PST"]
[Termination "HanSchut won by resignation"]

1. c4 Nf6 2. Nc3 d5 3. d4 g6 4. e3 Bg7 5. Nf3 O-O 6. Bd3 c5 7. O-O cxd4 8. Nxd4 Nc6 9. cxd5 Nxd4 10. exd4 Nxd5 11.
Bg5 Nb6 12. Re1 Be6 13. Be3 Bxd4 14. Bxd4 Qxd4 15. Qf3 Rad8 16. Rad1 Bg4 17. Qxb7 Bxd1 18. Rxd1 Rd7 19. Qf3 Rfd8 20. h3 Qf6 21. Qe4 Rd4 22. Qe3 Nd5 23. g3 Nxe3 0-1

[Event "*** Titled Tuesday Blitz"]
[Site "Chess.com"]
[Date "2021.03.09"]
[Round "10"]
[White "QuintilianoR"]
[Black "marianokar"]
[Result "1-0"]
[WhiteElo "2678"]
[BlackElo "2485"]
[TimeControl "180+1"]
[EndTime "11:57:04 PST"]
[Termination "QuintilianoR won by resignation"]

1. Nf3 d5 2. d4 Nf6 3. c4 c6 4. Nc3 dxc4 5. a4 Bf5 6. Ne5 e6 7. f3 Bb4 8. Nxc4 c5 9. dxc5 Qxd1+ 10. Kxd1 Bxc5 11. e4 Bg6 12. Nb5 Na6 13. Nbd6+ Ke7 14. Nxb7 Rhc8 15. Bf4 Bb4 16. Rc1 Nxe4 17. fxe4 Bxe4 18. Bd6+ Ke8 19. Bxb4 Nxb4 20. Ncd6+ 1-0

[Event "*** Titled Tuesday Blitz"]
[Site "Chess.com"]
[Date "2021.03.09"]
[Round "10"]
[White "TigrVShlyape"]
[Black "zajka-molotok"]
[Result "1-0"]
[WhiteElo "2820"]
[BlackElo "2513"]
[TimeControl "180+1"]
[EndTime "11:57:07 PST"]
[Termination "TigrVShlyape won by resignation"]

1. e4 c6 2. Nf3 d5 3. d3 dxe4 4. dxe4 Qxd1+ 5. Kxd1 Bg4 6. Nd2 Nd7 7. h3 Bh5 8. g4 Bg6 9. Nh4 e5 10. f3 O-O-O 11.
Bc4 f6 12. Nxg6 hxg6 13. h4 Bc5 14. Ke2 Ne7 15. a4 g5 16. h5 Ng6 17. Nb3 Be7 18. Be6 Nf4+ 19. Bxf4 exf4 20. Nd4 Kb8 21. Bxd7 Rxd7 22. Nf5 Bc5 23. Rhd1 Rhd8 24. Nxg7 Be3 25. Rxd7 Rxd7 26. h6 Rd2+ 27. Ke1 Rh2 28. Nh5 Bd4 29.
c3 Be5 30. Rd1 Kc7 31. h7 f5 32. exf5 Rxb2 33. f6 Bxc3+ 34. Kf1 Bxf6 35. Nxf6 Rh2 36. Nh5 1-0

[Event "*** Titled Tuesday Blitz"]
[Site "Chess.com"]
[Date "2021.03.09"]
[Round "10"]
[White "BahadirOzen"]
[Black "Cptn2"]
[Result "1-0"]
[WhiteElo "2778"]
[BlackElo "2496"]
[TimeControl "180+1"]
[EndTime "11:57:09 PST"]
[Termination "BahadirOzen won by resignation"]

1. g3 Nf6 2. Bg2 d5 3. d3 g6 4.
Nf3 Bg7 5. O-O O-O 6. Nbd2 c5 7. e4 Nc6 8. Re1 dxe4 9. dxe4 Qc7 10. c3 Rd8 11. Qe2 b6 12. a4 Bb7 13. e5 Nd5 14. e6 f6 15. h4 f5 16. h5 Nf6 17. hxg6 hxg6 18. Nh4 Kh7 19. Ndf3 Ne4 20. Ng5+ Nxg5 21. Bxg5 Ne5 22. Bf4 Bxg2 23. Nxg2 Rd5 24. c4 g5 25.
cxd5 gxf4 26. Nxf4 Rh8 27. Kg2 Kg8 28. Rh1 Ng4 29.
Rxh8+ Bxh8 30. Rh1 Qe5 31. Qxe5 Bxe5 32. Ng6 Bd6 33. Nh4 Nh6 34. Nf3 Kg7 35. a5 b5 36.
a6 Ng4 37. Rh5 Kg6 38. Rg5+ Kf6 39. Rg8 Ne5 40. Rf8+ Kg7 41. Ra8 Nd3 42. Rxa7 Nxb2 43. Rxe7+ Bxe7 44. a7 1-0

[Event "*** Titled Tuesday Blitz"]
[Site "Chess.com"]
[Date "2021.03.09"]
[Round "10"]
[White "gisela_roque"]
[Black "DarZay"]
[Result "0-1"]
[WhiteElo "1759"]
[BlackElo "2163"]
[TimeControl "180+1"]
[EndTime "11:57:10 PST"]
[Termination "DarZay won by resignation"]

1. c4 e6 2. Nf3 d5 3. b3 Nf6 4.
Bb2 c5 5. g3 Nc6 6. Bg2 d4 7.
O-O e5 8. e3 Be7 9. exd4 exd4 10. d3 O-O 11. Nbd2 Bf5 12. Nb1 Qd7 13. Nh4 Bh3 14.
Re1 Rae8 15. Nd2 Bd6 16. Ndf3 Qg4 17. Bxh3 Qxh3 18. Ng5 Qd7 19. Qf3 h6 20. Ne4 Nxe4 21. Rxe4 Ne5 22. Qe2 f5 23. Rf4 g5 0-1

[Event "*** Titled Tuesday Blitz"]
[Site "Chess.com"]
[Date "2021.03.09"]
[Round "10"]
[White "OlifantCZ"]
[Black "Olga_Girya"]
[Result "0-1"]
[WhiteElo "2288"]
[BlackElo "2451"]
[TimeControl "180+1"]
[EndTime "11:57:12 PST"]
[Termination "Olga_Girya won by resignation"]

1. c4 c6 2. g3 d5 3. Bg2 Nf6 4. Nf3 Bg4 5. cxd5 Bxf3 6. Bxf3 cxd5 7. O-O Nc6 8. d3 e6 9. b3 Be7 10. Bb2 O-O 11. Nd2 Rc8 12. Rc1 Nd7 13. e4 Nc5 14. Qe2 dxe4 15. Bxe4 Nd4 16. Bxd4 Qxd4 17. Nf3 Qd6 18. Rc4 b5 19. Rc2 f5 20. b4 fxe4 21.
bxc5 exf3 22. Qe3 Rxc5 23. Rxc5 Qxc5 24. Qxe6+ Kh8 25. Re1 Bf6 26. Qd7 Bd4 27. Rf1 a5 0-1

[Event "*** Titled Tuesday Blitz"]
[Site "Chess.com"]
[Date "2021.03.09"]
[Round "10"]
[White "GM_LOADING"]
[Black "olksuna"]
[Result "0-1"]
[WhiteElo "2563"]
[BlackElo "2677"]
[TimeControl "180+1"]
[EndTime "11:57:13 PST"]
[Termination "olksuna won by resignation"]

1. d4 Nf6 2. Nf3 e6 3. Bg5 h6 4.
Bxf6 Qxf6 5. e4 d6 6. Nbd2 e5 7.
dxe5 dxe5 8. Be2 Nd7 9. O-O Bc5 10. c3 a5 11. Qc2 O-O 12. a4 Re8 13. Rad1 Nf8 14.
Rfe1 Ng6 15. Bf1 Nf4 16. g3 Nh3+ 17. Bxh3 Bxh3 18. Qd3 Bg4 19. Qe2 Rad8 20. Kg2 Qe6 21. Nc4 Rxd1 22. Rxd1 b6 23. Ne3 Bxe3 24. Qxe3 Qc4 25.
Rd5 f6 26. Qd3 Qxa4 27. Rd8 Rxd8 28. Qxd8+ Kh7 29. Nd2 Qd1 30. Qd5 c6 31. Qd6 Bf3+ 0-1

[Event "*** Titled Tuesday Blitz"]
[Site "Chess.com"]
[Date "2021.03.09"]
[Round "10"]
[White "lachesisQ"]
[Black "Sibelephant"]
[Result "1-0"]
[WhiteElo "3100"]
[BlackElo "3112"]
[TimeControl "180+1"]
[EndTime "11:57:17 PST"]
[Termination "lachesisQ won by resignation"]

1. e4 e5 2. Nf3 Nc6 3. d4 exd4 4. Nxd4 Bc5 5. Nxc6 bxc6 6. Nc3 Qf6 7. Qf3 d6 8.
Be3 Bb6 9. Na4 Qxf3 10. gxf3 Bxe3 11. fxe3 f5 12. Rg1 g6 13. exf5 Bxf5 14. e4 Be6 15. O-O-O Nf6 16. Rg5 O-O 17. e5 dxe5 18. Rxe5 Bd5 19.
Re3 Nh5 20. Nc3 Bxf3 21. Bc4+ Kg7 22. Rd7+ Kh6 23. Rxc7 Rf4 24. b3 Nf6 25. Ne2 Bxe2 26. Rxe2 Rh4 27. Rxc6 Ng4 28. Re4 Rf8 29. h3 1-0

[Event "*** Titled Tuesday Blitz"]
[Site "Chess.com"]
[Date "2021.03.09"]
[Round "10"]
[White "Sergey85Rodchenkov"]
[Black "elcandado"]
[Result "1-0"]
[WhiteElo "2531"]
[BlackElo "2649"]
[TimeControl "180+1"]
[EndTime "11:57:22 PST"]
[Termination "Sergey85Rodchenkov won by checkmate"]

1. e4 e5 2. Nf3 Nc6 3. Bc4 Bc5 4. d3 Nf6 5. O-O O-O 6. Re1 d6 7. c3 a6 8. Bg5 Ba7 9. Bb3 Re8 10. Nbd2 Be6 11. Bxe6 Rxe6 12. Nc4 h6 13. Bh4 g5 14. Bg3 Ne7 15. Ne3 Bxe3 16. Rxe3 Ng6 17. d4 exd4 18.
Qxd4 Qe7 19. Rae1 Re8 20. e5 dxe5 21. Nxe5 Nxe5 22. Rxe5 Rxe5 23. Rxe5 Qd8 24. Rxe8+ Qxe8 25. h4 Qe7 26. hxg5 hxg5 27. f3 c6 28. c4 Kg7 29.
Be5 Qe6 30. b3 Kg6 31. g4 Nd7 32. Qd3+ f5 33. Bc3 Nc5 34. Qd4 Nd7 35. Qg7# 1-0

[Event "*** Titled Tuesday Blitz"]
[Site "Chess.com"]
[Date "2021.03.09"]
[Round "10"]
[White "PavelShkapenko"]
[Black "ChristopherYoo"]
[Result "1-0"]
[WhiteElo "2729"]
[BlackElo "2916"]
[TimeControl "180+1"]
[EndTime "11:57:23 PST"]
[Termination "PavelShkapenko won on time"]

1. e4 c5 2. c3 Nf6 3. e5 Nd5 4. d4 cxd4 5. cxd4 g6 6. Nc3 Nxc3 7. bxc3 Bg7 8. f4 O-O 9. Bd3 d6 10. Nf3 Qc7 11. Bd2 b6 12. O-O Ba6 13. Bxa6 Nxa6 14.
Qe2 Qb7 15. f5 dxe5 16. Nxe5 Rad8 17. Rae1 Nb8 18. fxg6 fxg6 19. Rxf8+ Bxf8 20. Nxg6 hxg6 21. Qe6+ Kh8 22. Re3 Kg7 23. Rg3 1-0